[Event "*** SCC Grand Prix: Titled Tuesday Blitz"]
[Site "Chess.com"]
[Date "2020.10.06"]
[Round "8"]
[White "Abdimalik_Abdisalimov"]
[Black "RaunakSadhwani2005"]
[Result "1/2-1/2"]
[WhiteElo "2751"]
[BlackElo "2898"]
[TimeControl "180+1"]
[EndTime "11:38:04 PDT"]
[Termination "Game drawn by repetition"]

1. d4 g6 2. e4 Bg7 3. Nc3 d6 4. f4 a6 5. Nf3 b5 6. Bd3 Bb7 7. a4 b4 8. Ne2 Nf6 9. Ng3 Nbd7 10. c3 a5 11. O-O O-O 12. Qe2 c5 13. e5 Ne8 14. e6 fxe6 15. Qxe6+ Kh8 16. Ng5 Ndf6 17.
Qh3 Bc8 18. f5 bxc3 19. bxc3 cxd4 20. cxd4 Nc7 21. Qh4 gxf5 22. Nxf5 Bxf5 23. Rxf5 h6 24. Ne4 Ng8 25. Rxf8 Qxf8 26. Be3 Nd5 27. Rf1 Qd8 28. Bd2 Qb6 29. Kh1 Qxd4 30. Qg3 Rf8 31. Rd1 Nb4 32.
Bb1 Qe5 33. Qg6 Qf5 34. Qxf5 Rxf5 35. Nxd6 Rf8 36. Nc4 Rd8 37. Nxa5 Na6 38. Nc4 Nc5 39.
Bc2 Nf6 40. Be3 Rc8 41. Nb6 Rc6 42. Rd8+ Ng8 43. a5 Ne6 44. Rd2 Bc3 45. Re2 Bxa5 46. Nd5 Bd8 47. g3 Rd6 48. Nb4 Ng5 49. Nd3 Kg7 50. Nf4 Nf6 51. Kg2 Nf7 52. Bc5 Rc6 53. Ne6+ Kg8 54. Nxd8 Rxc5 55. Ne6 Rc6 56. Nf4 e5 57.
Nd3 Kg7 58. Ba4 Re6 59. Bb3 Re7 60. Bxf7 Kxf7 61. Nxe5+ Kg7 62. Kf1 Ra7 63. Nf3 Rc7 64. Kg2 Rf7 65. Nh4 Nh7 66. h3 Ng5 67. g4 Ra7 68. Re3 Kf6 69. Kg3 Ra1 70. Rc3 Rh1 71. Kg2 Ra1 72. Rc6+ Ke5 73. Ng6+ Ke4 74. Rc3 Ra2+ 75.
Kg3 Kd4 76. Rb3 Kc4 77. Re3 Kd4 78. Re1 Ra3+ 79. Kg2 Rxh3 80. Nf4 Ra3 81. Ne6+ Kd5 82. Nxg5 hxg5 83. Rf1 Ke6 84. Rf5 Ra4 85. Kg3 Ra3+ 86. Kg2 Ra4 87. Kg3 Ra3+ 88. Kg2 1/2-1/2

[Event "*** SCC Grand Prix: Titled Tuesday Blitz"]
[Site "Chess.com"]
[Date "2020.10.06"]
[Round "8"]
[White "davidkalashian"]
[Black "Susal_De_Silva"]
[Result "1-0"]
[WhiteElo "2585"]
[BlackElo "2471"]
[TimeControl "180+1"]
[EndTime "11:38:15 PDT"]
[Termination "davidkalashian won by resignation"]

1. d4 Nf6 2. c4 e6 3. Nf3 b6 4. g3 Bb7 5. Bg2 g6 6. O-O Bg7 7. Nc3 Ne4 8. Qc2 Nxc3 9. Qxc3 O-O 10. Bg5 Qc8 11. Qd2 d6 12. Bh6 Nd7 13. Rad1 Nf6 14. Qg5 Ne4 15. Qh4 Qd8 16. Qh3 f5 17. Rfe1 Rb8 18.
Nd2 Ng5 19. Qh4 Bf6 20. Bxb7 Nf3+ 21. Bxf3 Bxh4 22. gxh4 Qxh4 23. Bxf8 Rxf8 24. Bg2 Qxd4 25. b3 Qf6 26. e4 e5 27. exf5 gxf5 28. Kh1 Kh8 29.
Rg1 e4 30. Nf1 Qh4 31. Rd2 Qf4 32. Ne3 Rg8 33. Bf1 Rxg1+ 34. Kxg1 Qg5+ 35. Kh1 f4 36. Ng2 e3 37. fxe3 fxe3 38. Re2 Qf6 39. Kg1 Qa1 40. Nxe3 Qg7+ 41. Ng2 Qa1 42. h3 c6 43. Rf2 d5 44.
cxd5 cxd5 45. Nf4 d4 46. Ne6 h5 47. Kh2 d3 48. Rf8+ Kh7 49. Bxd3+ Kh6 50. Rf2 Qe5+ 51. Nf4 a5 52. Kg2 Qg5+ 53. Kh2 Qe5 54. Kg1 Qe1+ 55. Bf1 Qe5 56. Ng2 Qg5 57. h4 Qe5 58.
Nf4 b5 59. Nd3 Qd4 60. Nf4 b4 61. Ng2 Qg4 62. Kh2 Qd4 63. Rf4 Qd6 64. Kh3 Qd2 65. Kg3 Qxa2 66. Rf6+ Kg7 67. Rf3 a4 68. Nf4 axb3 69.
Bc4 Qa7 70. Bxb3 Qg1+ 71. Ng2 Qb1 72. Nf4 Qg1+ 73. Ng2 Qb1 74. Bd5 Qg6+ 75. Kf2 Qd6 76. Nf4 Qc5+ 77. Kg2 Qc1 78. Kg3 Qg1+ 79. Ng2 Qc1 80.
Be4 Qc7+ 81. Nf4 Qc5 82. Ne6+ Kh6 83. Nxc5 b3 84. Nxb3 Kg7 85. Rf5 Kh6 86. Rxh5+ Kg7 87. Nd4 Kg8 88. Kg4 Kg7 89. Kg5 Kg8 90. Rh7 1-0

[Event "*** SCC Grand Prix: Titled Tuesday Blitz"]
[Site "Chess.com"]
[Date "2020.10.06"]
[Round "8"]
[White "Parhamov"]
[Black "ChessSkool"]
[Result "1/2-1/2"]
[WhiteElo "2949"]
[BlackElo "2727"]
[TimeControl "180+1"]
[EndTime "11:38:16 PDT"]
[Termination "Game drawn by repetition"]

1. e4 c6 2. d4 d5 3. e5 c5 4. dxc5 e6 5. Be3 Ne7 6. f4 Nd7 7. b4 a5 8. c3 axb4 9. cxb4 Nf5 10. Bf2 b6 11. g4 Nh4 12. c6 Bxb4+ 13. Nd2 Nc5 14.
Bb5 O-O 15. Kf1 Ng6 16. Ne2 f6 17. exf6 Qxf6 18. Be3 Nxf4 19. g5 Qf5 20. Bxf4 e5 21. h4 Nd3 22. Bxd3 Qxd3 23. Kg2 Bg4 24. Nc1 Qf5 25. Ne2 exf4 26. Nd4 f3+ 27. Kf2 Bc5 28.
Nb3 Qe5 29. Qd2 Rae8 30. Rae1 Qd6 31. Re3 Rxe3 32. Qxe3 h6 33. gxh6 gxh6 34. c7 Qxc7 35. Qxh6 Qf4 36. Qg5+ Qxg5 37. hxg5 Rf4 38. Nxc5 bxc5 39.
Nb3 Rc4 40. Kg3 Kg7 41. Nxc5 f2 42. Nb7 Be2 43. Kxf2 Rc2 44. Ke3 Rxa2 45. Rh6 Bc4 46. Nd6 Re2+ 47. Kd4 Ba2 48. Nf5+ Kg8 49. Rg6+ Kf7 50.
Rf6+ Kg8 51. Ne3 Bb1 52. Rd6 Kg7 53. Rxd5 Rd2+ 54. Ke5 Rxd5+ 55. Nxd5 Kg6 56. Kf4 Bc2 57. Ne3 Bb1 58. Nc4 Bc2 59. Ne5+ Kg7 60. Nf3 Bb1 61.
Nd4 Bd3 62. Kg4 Bb1 63. Kh5 Bd3 64. Ne6+ Kf7 65. Nf4 Bb1 66. Kh6 Bc2 67. Nd5 Bb1 68. Ne3 Bd3 69. Ng4 Bb1 70. Ne5+ Ke6 71. Nc6 Kf7 72.
Nd8+ Ke7 73. Nb7 Kf7 74. Nd6+ Ke6 75. Nc4 Kf7 76. Nd2 Bc2 77. Nf3 Bb1 78. Nd4 Bd3 79.
Nc6 Bb1 80. Nd8+ Ke7 81. Nb7 Kf7 82. Na5 Ke7 83. Nb3 Bc2 84. Nd4 Bb1 85. Kg7 Bd3 86. Nc6+ Ke6 87. Nb4 Bb1 88. Na6 Kf5 89. Kh6 Ke6 90.
Nc5+ Kf7 91. Nd7 Bc2 92. Kh5 Kg7 93. Ne5 Bb1 94. Kg4 Bc2 95. Kf4 Bb1 96. Ke3 Bc2 97. Nf3 Bb1 98. Nd2 Bc2 99. Nc4 Bb1 100. Ne5 Bc2 101. Kd2 Bb1 102. Kc3 Bf5 103. Kd4 Bb1 104. Ke3 1/2-1/2

[Event "*** SCC Grand Prix: Titled Tuesday Blitz"]
[Site "Chess.com"]
[Date "2020.10.06"]
[Round "8"]
[White "besarquis"]
[Black "KatarinaOstojic"]
[Result "1-0"]
[WhiteElo "2234"]
[BlackElo "2341"]
[TimeControl "180+1"]
[EndTime "11:38:16 PDT"]
[Termination "besarquis won by checkmate"]

1. e4 c5 2. Nf3 d6 3. Bb5+ Nd7 4. c3 Nf6 5. Bd3 a6 6. a4 g6 7. O-O Bg7 8. Re1 O-O 9. Bc2 e5 10. d4 cxd4 11. cxd4 Re8 12. Nc3 exd4 13. Nxd4 Nc5 14. Bg5 h6 15. Bh4 g5 16. Bg3 Qb6 17. Qd2 Be6 18. a5 Qb4 19. Nxe6 Rxe6 20. e5 dxe5 21. Rxe5 Rxe5 22. Bxe5 Nfe4 23. Nxe4 Qxd2 24. Nxd2 Bxe5 25.
Nc4 Bf6 26. Rd1 Rd8 27. Rxd8+ Bxd8 28. b4 Ne6 29. Be4 Be7 30. Bxb7 Bxb4 31. Bxa6 Nc5 32. Bb5 Kf8 33. a6 Nxa6 34. Bxa6 Ke7 35. Kf1 Ke6 36. Ne3 Ke5 37. Bc4 f5 38. Ke2 h5 39. Bd3 f4 40. Nc4+ Kd4 41. Nd2 Be7 42. Nf3+ Kd5 43. Bg6 h4 44. h3 Ke6 45. Nh2 Kf6 46. Be8 Bc5 47. Kf3 Bb6 48. Bd7 Bc5 49. Ng4+ Kg6 50.
Ne5+ Kf6 51. Nd3 Bb6 52. Kg4 Ba7 53. Bc6 Bb6 54. Kf3 Ba7 55. Ke4 Bb6 56. Kd5 Ba7 57.
Nc5 Kf5 58. Bd7+ Kf6 59. Kc6 Bb8 60. Kd5 Ba7 61. Bb5 Kf5 62. Bd3+ Kf6 63. Ne4+ Kg6 64. Ng3+ Kh6 65. Ne4 Kg6 66. Ke6 Bb8 67. Bb5 Bc7 68. Be8+ Kh6 69. Kf5 Bd8 70. Bf7 Be7 71. Be8 Bd8 72.
Bb5 Be7 73. Be2 Bd8 74. Nf6 Kg7 75. Ng4 Be7 76. Bc4 Bd8 77. Ne5 Be7 78. Nf7 Bc5 79.
Nxg5 Bxf2 80. Kxf4 Bg3+ 81. Kg4 Kg6 82. Nf3 Kf6 83. Nxh4 Be1 84. Nf3 Bb4 85. h4 Bf8 86. Kh5 Kg7 87. g4 Be7 88. g5 Bd8 89. Kg4 Be7 90.
h5 Kh7 91. Bd3+ Kg7 92. h6+ Kh8 93. Kh5 Bd8 94. Ne5 Bc7 95. Ng6+ Kg8 96. Bc4+ Kh7 97.
Ne7 Bf4 98. g6+ Kh8 99. g7+ Kh7 100. Bd3# 1-0

[Event "*** SCC Grand Prix: Titled Tuesday Blitz"]
[Site "Chess.com"]
[Date "2020.10.06"]
[Round "8"]
[White "TheMagnet"]
[Black "Gabrielian_Artur"]
[Result "1/2-1/2"]
[WhiteElo "2592"]
[BlackElo "2740"]
[TimeControl "180+1"]
[EndTime "11:38:52 PDT"]
[Termination "Game drawn by 50-move rule"]

1. d4 Nf6 2. c4 c5 3. d5 e6 4. Nc3 exd5 5. cxd5 d6 6. e4 g6 7. f4 Bg7 8. Nf3 O-O 9. Be2 Re8 10. Nd2 c4 11. a4 Nbd7 12. O-O Nc5 13. e5 dxe5 14. fxe5 Nxd5 15. Nxc4 Nxc3 16. bxc3 Qxd1 17. Rxd1 Nb3 18. Rb1 Nxc1 19. Rbxc1 Be6 20. Rb1 b6 21. a5 bxa5 22.
Rb5 Rec8 23. Nd6 Rxc3 24. Rxa5 Re3 25. Bf3 Rb8 26. Ne4 Bf5 27. Nf6+ Kh8 28. Rxa7 Rxe5 29.
Rxf7 Be6 30. Nd7 Bxf7 31. Nxb8 Re8 32. Nc6 Bh6 33. Rd8 Rxd8 34. Nxd8 Bc4 35. Nc6 Be3+ 36. Kh1 Bf4 37. g3 Bd6 38. Kg2 Kg7 39. h4 Kf6 40. Nd4 Bc5 41. Nc2 Ke5 42. Ne1 Bb4 43.
Nc2 Bd2 44. Kf2 Bd3 45. Ne3 Ba5 46. Ng4+ Kf5 47. Ne3+ Ke5 48. Ng4+ Ke6 49. Be2 Bb6+ 50. Kf1 Bb1 51. Bf3 Bf5 52. Nf2 Ke5 53. Kg2 Bc2 54.
Ng4+ Ke6 55. Nf2 Bd4 56. Ne4 Ke5 57. Ng5 h5 58. Nf7+ Kf6 59. Ng5 Be3 60. Ne4+ Ke5 61.
Nf2 Kd4 62. Nh3 Bf5 63. Nf2 Kc3 64. Ne4+ Kd3 65. Nd6 Be6 66. Be4+ Kd4 67. Bxg6 Ke5 68. Ne4 Bd5 69. Kf3 Ba7 70. Bh7 Bb6 71. Bg6 Bc5 72.
Bh7 Bd4 73. Bg6 Bc6 74. Bh7 Ba4 75. Ke2 Bb5+ 76. Kd2 Bc6 77. Ng5 Bf2 78. Bg6 Bxg3 79. Bxh5 Kf4 80. Ne6+ Ke5 81. Nc5 Bxh4 82. Nd3+ Kd4 83.
Bg6 Bg5+ 84. Kc2 Ba4+ 85. Kb2 Bd2 86. Nc1 Bc3+ 87. Ka3 Bd1 88. Nb3+ Ke3 89. Bh7 Be5 90. Bg6 Bd6+ 91. Ka2 Ke2 92. Nd4+ Kd2 93. Nb3+ Kc3 94. Bf7 Bb4 95. Bg8 Bc2 96. Bf7 Bd3 97. Bg8 Bd6 98. Bf7 Bf4 99. Bg8 Bc2 100. Bf7 Bd1 101. Bg8 Bf3 102. Bf7 Be4 103. Bg8 Be5 104. Bf7 Kb4 105. Bg8 Bc2 106. Bf7 Bc3 107. Bg8 Bd3 108. Bf7 Be4 109. Bg8 Bf3 110. Bf7 Bd1 111. Bg8 Be1 112. Bf7 Kc3 113. Bg8 Bc2 114. Bf7 Bf2 115. Bg8 Be3 116. Bf7 Bh7 117. Be6 Bf4 118. Bf7 Kb4 119. Be6 Kb5 120. Bf7 Kc6 121. Be6 Kd6 122. Bf7 Bd3 123. Bg8 Ke7 124. Bd5 Kf6 125. Bg8 Be4 126. Bc4 Ke5 127. Bg8 Bf5 128. Bf7 Bg5 129.
Bg8 Bd3 130. Bf7 Kd6 131. Bg8 Be4 1/2-1/2

[Event "*** SCC Grand Prix: Titled Tuesday Blitz"]
[Site "Chess.com"]
[Date "2020.10.06"]
[Round "9"]
[White "RaunakSadhwani2005"]
[Black "Joshukid"]
[Result "1-0"]
[WhiteElo "2902"]
[BlackElo "2715"]
[TimeControl "180+1"]
[EndTime "11:40:33 PDT"]
[Termination "RaunakSadhwani2005 won by resignation"]

1. c4 e5 2. Nc3 Nc6 3. g3 f5 4. Bg2 Nf6 5. e3 g6 6. Nge2 Bg7 7. d3 O-O 8. O-O d6 9. Rb1 a5 10. a3 Be6 11. b4 axb4 12. axb4 Qd7 13. b5 Nd8 14.
Nd5 e4 15. Nxf6+ Bxf6 16. dxe4 Bxc4 17. exf5 Qxf5 18. Rb4 Qc5 19. Rxc4 1-0

[Event "*** SCC Grand Prix: Titled Tuesday Blitz"]
[Site "Chess.com"]
[Date "2020.10.06"]
[Round "9"]
[White "kakakz"]
[Black "sopo-tereladze"]
[Result "1-0"]
[WhiteElo "2396"]
[BlackElo "2302"]
[TimeControl "180+1"]
[EndTime "11:41:31 PDT"]
[Termination "kakakz won by resignation"]

1. d4 Nf6 2. c4 e6 3. Nf3 Bb4+ 4. Bd2 Qe7 5. g3 b6 6. Bg2 Bb7 7. O-O O-O 8. Bg5 h6 9. Bc1 c5 10. a3 Ba5 11. Bf4 d5 12. Nbd2 cxd4 13. b4 Bxb4 14.
axb4 Qxb4 15. Nxd4 dxc4 16. Bxb7 1-0

[Event "*** SCC Grand Prix: Titled Tuesday Blitz"]
[Site "Chess.com"]
[Date "2020.10.06"]
[Round "9"]
[White "Obito24"]
[Black "GukeshDommaraju"]
[Result "0-1"]
[WhiteElo "2559"]
[BlackElo "2792"]
[TimeControl "180+1"]
[EndTime "11:41:41 PDT"]
[Termination "GukeshDommaraju won by resignation"]

1. Nf3 d5 2. b3 c5 3. Bb2 Nc6 4. d4 cxd4 5. Nxd4 Nf6 6. e3 g6 7.
Be2 Bg7 8. O-O O-O 9. c4 dxc4 10. Bxc4 Bg4 11. Nxc6 Qxd1 12. Rxd1 Bxd1 13. Nxe7+ Kh8 14. Nc3 Bg4 15. f3 Be6 16. Ncd5 Nxd5 17. Bxg7+ Kxg7 18. Bxd5 Rae8 0-1

[Event "*** SCC Grand Prix: Titled Tuesday Blitz"]
[Site "Chess.com"]
[Date "2020.10.06"]
[Round "9"]
[White "Oleksandr_Bortnyk"]
[Black "DenisQ"]
[Result "1-0"]
[WhiteElo "2895"]
[BlackElo "2672"]
[TimeControl "180+1"]
[EndTime "11:42:40 PDT"]
[Termination "Oleksandr_Bortnyk won by resignation"]

1. d4 d5 2. Nc3 Nf6 3. Bf4 e6 4. Nb5 Na6 5. e3 c6 6. Nc3 Bd6 7. Bxa6 bxa6 8. Nf3 O-O 9. O-O c5 10. Ne5 Qc7 11. Qf3 cxd4 12. exd4 Rb8 13. Rab1 Nd7 14.
Nxd7 Bxd7 15. Bxd6 Qxd6 16. Ne2 Rfc8 17. c3 a5 18. Nf4 Bb5 19. Rfe1 Bc4 20. b3 Ba6 21.
Re3 Rc7 22. Rbe1 Rbc8 23. Nxe6 fxe6 24. Rxe6 Qf8 25. Qxf8+ Kxf8 26. Rxa6 Rxc3 27. Rxa5 1-0

[Event "*** SCC Grand Prix: Titled Tuesday Blitz"]
[Site "Chess.com"]
[Date "2020.10.06"]
[Round "9"]
[White "vladimirdamjanovic"]
[Black "AsaHoffmann"]
[Result "1-0"]
[WhiteElo "2532"]
[BlackElo "2331"]
[TimeControl "180+1"]
[EndTime "11:42:47 PDT"]
[Termination "vladimirdamjanovic won by resignation"]

1. e4 d6 2. Nc3 Nf6 3. Bc4 c6 4. Bb3 d5 5. e5 Nfd7 6. d4 Nb6 7.
Nce2 Bf5 8. Ng3 Bg6 9. h4 h6 10. e6 fxe6 11. Nf3 N8d7 12. Bf4 Bf5 13. c3 g6 14. Ne5 Bg7 15. Nxf5 Bxe5 16. Qg4 exf5 17. Qxg6+ Kf8 18. dxe5 Qe8 19. Bxh6+ Rxh6 20. Qxh6+ Kf7 21. e6+ 1-0

[Event "*** SCC Grand Prix: Titled Tuesday Blitz"]
[Site "Chess.com"]
[Date "2020.10.06"]
[Round "9"]
[White "CzechmVIII"]
[Black "Trickov"]
[Result "1-0"]
[WhiteElo "2163"]
[BlackElo "2366"]
[TimeControl "180+1"]
[EndTime "11:42:47 PDT"]
[Termination "CzechmVIII won by resignation"]

1. e4 c5 2. Nf3 d6 3. Nc3 Nf6 4. d4 cxd4 5. Nxd4 a6 6. Bg5 e6 7. f4 Qb6 8. Qd2 Qxb2 9. Nb3 Qa3 10. Bxf6 gxf6 11. Be2 Nc6 12. O-O Qb4 13. Qe3 Bd7 14. a3 Qxc3 15. Qxc3 Bg7 16. Qg3 Rg8 17. Rad1 Ke7 18.
Qd3 1-0

[Event "*** SCC Grand Prix: Titled Tuesday Blitz"]
[Site "Chess.com"]
[Date "2020.10.06"]
[Round "9"]
[White "Falcon28dz"]
[Black "Sergey85Rodchenkov"]
[Result "1-0"]
[WhiteElo "2282"]
[BlackElo "2451"]
[TimeControl "180+1"]
[EndTime "11:42:52 PDT"]
[Termination "Falcon28dz won by resignation"]

1. e4 c5 2. Nf3 d6 3. d4 cxd4 4.
Nxd4 Nf6 5. Nc3 a6 6. Be2 e5 7.
Nb3 Be7 8. O-O Qc7 9. f4 Nbd7 10. a4 b6 11. Be3 Bb7 12. Bf3 Rc8 13. Kh1 O-O 14.
Qe1 Rfe8 15. Qg3 Bf8 16. Rad1 g6 17. f5 Bg7 18. Qh4 Nc5 19. Nxc5 bxc5 20. Bg5 Nd7 21. f6 Bh8 22. Bg4 Nb6 23. Rd3 1-0

[Event "*** SCC Grand Prix: Titled Tuesday Blitz"]
[Site "Chess.com"]
[Date "2020.10.06"]
[Round "9"]
[White "jefferyx"]
[Black "Msb2"]
[Result "1/2-1/2"]
[WhiteElo "2925"]
[BlackElo "2936"]
[TimeControl "180+1"]
[EndTime "11:43:02 PDT"]
[Termination "Game drawn by agreement"]

1. d4 Nf6 2. c4 e6 3. Nc3 Bb4 4. Qc2 d5 5. a3 Bxc3+ 6. Qxc3 dxc4 7. Qxc4 b6 8. Nf3 Ba6 9. Qa4+ Qd7 10. Qxd7+ Nbxd7 11. Bg5 c5 12. Bxf6 gxf6 13. e3 Bxf1 14. Rxf1 Ke7 15.
Ke2 Rac8 16. Rac1 a6 17. Rfd1 cxd4 18. Nxd4 Nb8 19. b4 Rhd8 20. g4 Rxc1 21. Rxc1 Kd7 22.
h4 Rc8 23. Rxc8 Kxc8 24. g5 fxg5 25. hxg5 Kd7 26. f4 1/2-1/2

[Event "*** SCC Grand Prix: Titled Tuesday Blitz"]
[Site "Chess.com"]
[Date "2020.10.06"]
[Round "9"]
[White "BanjoKazooieN64"]
[Black "Mbneu"]
[Result "0-1"]
[WhiteElo "2472"]
[BlackElo "2353"]
[TimeControl "180+1"]
[EndTime "11:43:12 PDT"]
[Termination "Mbneu won by checkmate"]

1. e4 c5 2. Nc3 a6 3. Nf3 b5 4. d4 cxd4 5. Nxd4 e6 6. Bd3 Bb7 7. O-O Nc6 8. Nf3 Nge7 9. Re1 Ng6 10. Nd5 Bc5 11. b4 Nxb4 12. Bb2 Nxd5 13. exd5 O-O 14. Ne5 Qh4 15. g3 Qh3 16. Bf1 Qf5 17. Nxd7 Qxf2+ 18. Kh1 Qg1# 0-1

[Event "*** SCC Grand Prix: Titled Tuesday Blitz"]
[Site "Chess.com"]
[Date "2020.10.06"]
[Round "9"]
[White "gumimis"]
[Black "Tsyhanchuk_Stanislav"]
[Result "1-0"]
[WhiteElo "2254"]
[BlackElo "2354"]
[TimeControl "180+1"]
[EndTime "11:43:15 PDT"]
[Termination "gumimis won by resignation"]

1. e4 c5 2. Nf3 g6 3. d4 cxd4 4. Nxd4 Bg7 5. c4 Nc6 6. Be3 d6 7. Nc3 Nf6 8. Be2 O-O 9. O-O Bd7 10. Nc2 Rc8 11. Rc1 Ne5 12. Na3 a6 13. h3 Qa5 14. f4 Nc6 15. c5 Rfd8 16. cxd6 exd6 17. Nc4 Qc7 18. Bb6 Qb8 19. Bxd8 Rxd8 20. Qxd6 Qa7+ 21. Kh1 Bxh3 22. Qc7 Rc8 23. Qb6 Qb8 24. gxh3 1-0

[Event "*** SCC Grand Prix: Titled Tuesday Blitz"]
[Site "Chess.com"]
[Date "2020.10.06"]
[Round "9"]
[White "KarstenHansch"]
[Black "Ermito2020"]
[Result "1/2-1/2"]
[WhiteElo "2510"]
[BlackElo "2658"]
[TimeControl "180+1"]
[EndTime "11:43:16 PDT"]
[Termination "Game drawn by agreement"]

1. e4 c6 2. d4 d5 3. e5 Bf5 4.
Nf3 e6 5. Be2 Ne7 6. O-O c5 7.
c3 Nec6 8. Be3 Nd7 9. Nbd2 Be7 10. Nb3 O-O 11. Nxc5 Bxc5 12. dxc5 Ndxe5 13. Nxe5 Nxe5 14. b4 Nc4 15. Bxc4 dxc4 16. Qxd8 Rfxd8 17. Rfd1 Bd3 18. Bf4 f6 19. Bd6 e5 20. a4 Kf7 21. f3 Ke6 22. Kf2 a6 23. Re1 Kf7 24. f4 e4 25.
Ke3 f5 26. Kd4 Ke6 27. Re3 g6 28. Rh3 Rd7 29. Rd1 Rad8 30. Ke3 Bc2 31. Rd4 Bd3 32. a5 Rc8 33. Be5 Rcd8 34. Rd6+ Rxd6 35. Bxd6 1/2-1/2

[Event "*** SCC Grand Prix: Titled Tuesday Blitz"]
[Site "Chess.com"]
[Date "2020.10.06"]
[Round "9"]
[White "tmr88"]
[Black "nelsoncopa"]
[Result "1-0"]
[WhiteElo "2088"]
[BlackElo "1670"]
[TimeControl "180+1"]
[EndTime "11:43:18 PDT"]
[Termination "tmr88 won by resignation"]

1. e4 d6 2. d4 Nf6 3. Nc3 Nbd7 4. Bc4 e5 5. Nf3 Be7 6. O-O O-O 7. a4 c6 8. Qe2 Qc7 9. Rd1 b6 10. b3 Rb8 11. Bb2 Bb7 12. Rd2 exd4 13. Nxd4 Ne5 14. Nf5 Nxc4 15. Qxc4 Rbc8 16. Qd3 Rfd8 17. Qg3 Bf8 18.
Rad1 d5 19. e5 Ne4 20. Nxe4 dxe4 21. Rxd8 Rxd8 22. Rxd8 Qxd8 23. Nh6+ 1-0

[Event "*** SCC Grand Prix: Titled Tuesday Blitz"]
[Site "Chess.com"]
[Date "2020.10.06"]
[Round "9"]
[White "Me_ch_an"]
[Black "beto-betun"]
[Result "1-0"]
[WhiteElo "2305"]
[BlackElo "2158"]
[TimeControl "180+1"]
[EndTime "11:43:20 PDT"]
[Termination "Me_ch_an won by resignation"]

1. e4 c5 2. Nc3 Nc6 3. g3 g6 4. d3 Bg7 5. Be3 d6 6. Qd2 e6 7. Bg2 Bd7 8. Nge2 Rb8 9. O-O h5 10.
h3 Nge7 11. f4 f5 12. d4 cxd4 13. Nxd4 e5 14. Ndb5 O-O 15. Nxd6 Nd4 16. fxe5 Ne6 17. Rad1 Bxe5 18. exf5 Nxf5 19. Nxf5 gxf5 20. Qxd7 Qxd7 21. Rxd7 Bxg3 22. Bd5 1-0

[Event "*** SCC Grand Prix: Titled Tuesday Blitz"]
[Site "Chess.com"]
[Date "2020.10.06"]
[Round "9"]
[White "kasparicy"]
[Black "besarquis"]
[Result "1-0"]
[WhiteElo "2379"]
[BlackElo "2220"]
[TimeControl "180+1"]
[EndTime "11:43:24 PDT"]
[Termination "kasparicy won by resignation"]

1. e4 e5 2. Nf3 Nc6 3. Bc4 Bc5 4. c3 Nf6 5. d3 d6 6. Nbd2 a6 7. Bb3 Ba7 8. h3 h6 9. Nf1 Ne7 10. Ng3 Ng6 11. Qe2 Be6 12. Bc2 O-O 13. Nf5 d5 14. g4 Nh7 15. Bd2 Re8 16. O-O-O Nf4 17. Bxf4 exf4 18.
h4 c6 19. Kb1 Qa5 20. Bb3 dxe4 21. dxe4 Bxb3 22. axb3 Nf6 23. Nd6 Re7 24. g5 Ne8 25. gxh6 Nxd6 26. Rxd6 Qe5 27. Nxe5 1-0

[Event "*** SCC Grand Prix: Titled Tuesday Blitz"]
[Site "Chess.com"]
[Date "2020.10.06"]
[Round "9"]
[White "dosto07"]
[Black "Quiet_Desperation"]
[Result "1-0"]
[WhiteElo "2343"]
[BlackElo "1941"]
[TimeControl "180+1"]
[EndTime "11:43:28 PDT"]
[Termination "dosto07 won by resignation"]

1. e4 e6 2. d4 d5 3. Nd2 Nf6 4.
e5 Nfd7 5. Bd3 c5 6. c3 Nc6 7. Ne2 cxd4 8. cxd4 f6 9. exf6 Nxf6 10.
Nf3 Bd6 11. Bf4 Bxf4 12. Nxf4 O-O 13. O-O Ne4 14. Nh5 Bd7 15. Re1 Nxf2 16. Kxf2 Qh4+ 17. Ng3 Qxd4+ 18. Re3 Qxb2+ 19. Kg1 e5 20. Rb1 Qxb1 21. Bxb1 e4 22. Qxd5+ Kh8 23. Qxe4 1-0

[Event "*** SCC Grand Prix: Titled Tuesday Blitz"]
[Site "Chess.com"]
[Date "2020.10.06"]
[Round "9"]
[White "tk22h"]
[Black "awesomevishesh"]
[Result "0-1"]
[WhiteElo "2333"]
[BlackElo "2426"]
[TimeControl "180+1"]
[EndTime "11:43:32 PDT"]
[Termination "awesomevishesh won by resignation"]

1. c4 e5 2. Nc3 Nf6 3. Nf3 Nc6 4. g3 d5 5. cxd5 Nxd5 6. Bg2 Bc5 7. O-O O-O 8. d3 Bb6 9. Bg5 Nde7 10. a3 f6 11.
Bd2 Be6 12. b4 Qd7 13. Ne4 Nd4 14. Nc5 Bxc5 15. bxc5 Bb3 16. Qe1 Nc2 17. Qb1 Nxa1 18. Qxa1 Nc6 19. Rb1 Bd5 20. Rxb7 Rfb8 21. Rb2 Rxb2 22.
Qxb2 Rb8 23. Qc2 Nd4 24. Nxd4 exd4 25. Be4 f5 26. Bf3 Bxf3 27. exf3 Qd5 28. Kg2 Qb3 29. Qc1 Qxd3 30. Bf4 Rb1 31. Qd2 Qxd2 32. Bxd2 d3 33. f4 Rb2 0-1

[Event "*** SCC Grand Prix: Titled Tuesday Blitz"]
[Site "Chess.com"]
[Date "2020.10.06"]
[Round "9"]
[White "Smile2005"]
[Black "ViktoriyaTarasova"]
[Result "1-0"]
[WhiteElo "2403"]
[BlackElo "2268"]
[TimeControl "180+1"]
[EndTime "11:43:38 PDT"]
[Termination "Smile2005 won on time"]

1. Nf3 Nf6 2. g3 b6 3. Bg2 Bb7 4. O-O e6 5. d3 d5 6. Nbd2 Be7 7. e4 O-O 8. e5 Nfd7 9. Re1 c5 10. Nf1 Nc6 11. h4 Rc8 12. Bf4 d4 13. N1h2 b5 14. Ng5 h6 15. Qh5 hxg5 16. hxg5 g6 17. Qh4 Re8 18. Ng4 Nf8 19. Nf6+ Bxf6 20. gxf6 Nh7 21. Bg5 Kh8 22. f4 1-0

[Event "*** SCC Grand Prix: Titled Tuesday Blitz"]
[Site "Chess.com"]
[Date "2020.10.06"]
[Round "9"]
[White "nocnypako"]
[Black "Bulldog167"]
[Result "1-0"]
[WhiteElo "2583"]
[BlackElo "2771"]
[TimeControl "180+1"]
[EndTime "11:43:43 PDT"]
[Termination "nocnypako won by resignation"]

1. d4 Nf6 2. c4 c5 3. d5 e6 4.
Nc3 exd5 5. cxd5 d6 6. e4 g6 7. f4 Bg7 8. Bb5+ Nfd7 9. a4 O-O 10. Nf3 Na6 11. O-O Nb4 12. Kh1 a6 13. Bxd7 Bxd7 14.
f5 gxf5 15. Bg5 f6 16. Bf4 Qe7 17. Re1 Rfe8 18. Qd2 Qf8 19. Nh4 fxe4 20. Nxe4 Qf7 21. Rad1 Bxa4 22. Nxd6 Rxe1+ 23. Qxe1 Qh5 24. Qe6+ Kf8 25. g4 1-0

[Event "*** SCC Grand Prix: Titled Tuesday Blitz"]
[Site "Chess.com"]
[Date "2020.10.06"]
[Round "9"]
[White "XDPS"]
[Black "maximnovik"]
[Result "0-1"]
[WhiteElo "2764"]
[BlackElo "2550"]
[TimeControl "180+1"]
[EndTime "11:43:45 PDT"]
[Termination "maximnovik won by resignation"]

1. Nf3 Nf6 2. g3 g6 3. Bg2 d5 4. O-O Bg7 5. b3 O-O 6. Bb2 c5 7. c4 d4 8. e3 Nc6 9. Na3 Bf5 10. Re1 dxe3 11. fxe3 Nb4 12. Ne5 Nd7 13. d4 Nxe5 14.
dxe5 Nd3 15. Bc3 Nxe1 16. Qxe1 Qb8 17. Rd1 Bxe5 18. Bxe5 Qxe5 19. Bxb7 Rad8 20. Rc1 Rd3 21. e4 Bg4 22. Nb5 Rfd8 23. Nc3 Qd4+ 24. Qf2 Rxc3 0-1

[Event "*** SCC Grand Prix: Titled Tuesday Blitz"]
[Site "Chess.com"]
[Date "2020.10.06"]
[Round "9"]
[White "mapleaff"]
[Black "Deepweb2020"]
[Result "1-0"]
[WhiteElo "2344"]
[BlackElo "2215"]
[TimeControl "180+1"]
[EndTime "11:43:49 PDT"]
[Termination "mapleaff won by checkmate"]

1. e4 e5 2. Nf3 Nc6 3. Bb5 a6 4. Ba4 Nf6 5. O-O b5 6. Bb3 Bc5 7. d3 d6 8. a3 O-O 9. Nc3 h6 10. h3 Ne7 11. d4 exd4 12. Nxd4 Bb6 13. Nd5 Nfxd5 14. exd5 Ng6 15. Nc6 Qf6 16. a4 Bf5 17. axb5 axb5 18. Rxa8 Rxa8 19. c3 Nh4 20. Kh2 Ra1 21.
Qe2 Bg6 22. Qe8+ Kh7 23. Ne7 Qe5+ 24. f4 Qe2 25. Qg8# 1-0

[Event "*** SCC Grand Prix: Titled Tuesday Blitz"]
[Site "Chess.com"]
[Date "2020.10.06"]
[Round "9"]
[White "QuintilianoR"]
[Black "Chessdreamer2020"]
[Result "1-0"]
[WhiteElo "2588"]
[BlackElo "2464"]
[TimeControl "180+1"]
[EndTime "11:43:55 PDT"]
[Termination "QuintilianoR won on time"]

1. Nf3 d6 2. d4 g6 3. e4 Bg7 4. Be2 Nf6 5. Nc3 a6 6. O-O O-O 7. Re1 b5 8. a3 Bb7 9. Bd3 Nbd7 10. h3 c5 11. e5 dxe5 12. dxe5 Nd5 13. Ne4 Nxe5 14.
Nxe5 Bxe5 15. Nxc5 Qc7 16. Nxb7 Bg7 17. Be4 e6 18. Bxd5 exd5 19. Qxd5 Rad8 20. Nxd8 Rxd8 21.
Qe4 Qd7 22. Bg5 Rc8 23. Rad1 Qc7 24. Qe8+ Rxe8 25. Rxe8+ Bf8 26. Bh6 Qc5 27. Rdd8 1-0